Unix NetHack Version 5.0.0-0 post-release - last build Jul 14 2026 02:55:29 (1809b74e8187c3a3585e283601c3028b46cbbdcb,branch:main).

Game began 2026-07-16 16:27:53, ended 2026-07-16 18:50:25.

Koku, neutral female gnomish Wizard

                                                    --------------
                                                    |............|
                                                 ###........<....|
                                                   %|............|
                                                ####--------------
                                 -------------# #
                                 |C......[..*|###
                                 |.....Cf....|#
                                 |...-----.@'.#
                                 |...|   |...|#
                                 -..C|   |C..|
                                 |...    |...|
                                 |...-   -...|
                                 |...    ....|
                                 |C...  ....C-
                                 -------------

Koku the Conjurer         St:10 Dx:13 Co:17 In:19 Wi:12 Ch:7  Neutral
Dlvl:7  $:170 HP:0(45) Pw:55(66) AC:9  Xp:5 T:3539 

Latest messages:
 Tulip misses it.  Tulip bites it.  It misses Tulip.  It hits Tulip.  It knocks Tulip backward with a forceful blow!
 The straw golem hits!  The straw golem hits again!
 You attack thin air.  The straw golem hits!  The straw golem hits again!
 You hit the straw golem.  The straw golem hits!  The straw golem hits again!
 You hit the straw golem!  The straw golem hits!  The straw golem hits again!
 You hit the straw golem.  The straw golem hits!  The straw golem hits again!  You hear a distant explosion.
 You destroy the straw golem!
 z - a wand of create monster.
 Restoring save file...
 Hello Koku, the gnomish Wizard, welcome back to NetHack!
 Be careful!  New moon tonight.
 You see here a statue of a forest centaur.
 Tulip bites it.
 It smiles at Tulip seductively.
 It smiles at Tulip seductively.
 Tulip misses it.
 Tulip bites the water nymph.
 The water nymph is killed!
 Tulip eats a water nymph corpse.
 You see here a statue of a forest centaur.
 In what direction? 6
 The spell hits the water nymph!
 You kill the water nymph!
 A puce potion shatters!
 The statue shatters.
 Tulip eats a water nymph corpse.
 You see here a statue of a forest centaur.
 y - a puce potion.
 E - a looking glass.
 You swap places with Tulip.
 Tulip picks up a scroll labeled PRATYAVAYAH.
 The rope golem hits!
 The rope golem hits again!
 In what direction? 6
 The spell hits the rope golem!
 The rope golem hits!
 The rope golem hits again!
 You miss the rope golem.
 The rope golem hits!
 The rope golem hits again!
 You hit the rope golem.
 The rope golem hits!
 The rope golem hits again!
 The rope golem grabs you!
 You die...
 Do you want your possessions identified? [ynq] (y) y
 Do you want to see your attributes? [ynq] (y) y
 Do you want an account of creatures vanquished? [ynaq] (y) y
 Do you want to see your conduct and achievements? [ynq] (y) y
 Do you want to see the dungeon overview? [ynq] (y) n

Inventory:
 Coins    ('$')
  $ - 170 gold pieces
 Amulets  ('"')
  p - a cursed amulet of restful sleep
 Weapons  (')')
  W - 7 +0 darts
  s - a +0 knife
  g - a +0 stiletto
  V - a -2 aklys
  a - a blessed +1 quarterstaff (weapon in hands)
 Armor    ('[')
  b - an uncursed +0 cloak of magic resistance (being worn)
  r - a blessed +2 oilskin cloak
 Comestibles  ('%')
  N - 3 uncursed slime molds
  v - an uncursed banana
  u - 3 uncursed food rations
  A - an uncursed fortune cookie
 Scrolls  ('?')
  X - an uncursed scroll of blank paper
  Q - a blessed scroll of confuse monster
  k - an uncursed scroll of confuse monster
  B - an uncursed scroll of destroy armor
  i - 2 uncursed scrolls of scare monster
  f - a blessed scroll of teleportation
 Spellbooks  ('+')
  m - an uncursed spellbook of blank paper
  l - a blessed spellbook of force bolt
  Y - an uncursed spellbook of healing
 Potions  ('!')
  C - an uncursed potion of gain ability
  h - an uncursed potion of invisibility
  j - 2 uncursed potions of levitation
  y - a blessed potion of object detection
  x - a cursed potion of sleeping
 Rings    ('=')
  d - a blessed +2 ring of gain constitution
  Z - a blessed +1 ring of increase damage
  e - an uncursed ring of stealth
 Wands    ('/')
  z - a wand of create monster (0:9)
  c - a wand of sleep (0:5)
 Tools    ('(')
  o - an uncursed blindfold
  w - an uncursed brass lantern
  n - a magic marker (0:0)
  E - an uncursed mirror
  J - an uncursed mirror
  t - an uncursed skeleton key
  I - an uncursed tallow candle
  q - an uncursed tin whistle
 Gems/Stones  ('*')
  U - a cursed amethyst stone
  D - an uncursed worthless piece of orange glass
  K - an uncursed worthless piece of violet glass

Koku the Wizard's attributes:

Background:
 You were a Conjurer, a level 5 female gnomish Wizard.
 You were neutral, nominally on a mission for Thoth
 who was opposed by Ptah (lawful) and Anhur (chaotic).
 You were right-handed.
 You were in the Dungeons of Doom, on level 7.
 You entered the dungeon 3539 turns ago.
 There was a new moon in effect when your adventure ended.
 You had 192 experience points, 128 more were needed to attain level 6.

Basics:
 You had 0 out of 45 hit points.
 You had 55 out of 66 energy points (spell power).
 Your armor class was 9.
 Your wallet contained 170 zorkmids.
 Autopickup was off.

Final Characteristics:
 Your strength was 10 (limit:18/50).
 Your dexterity was 13 (limit:18).
 Your constitution was 17 (limit:18).
 Your intelligence was 19 (limit:19).
 Your wisdom was 12 (limit:18).
 Your charisma was 7 (limit:18).

Final Status:
 You were held by a rope golem (east).
 You weren't hungry.
 You were unencumbered.
 You were wielding a quarterstaff.
 You had basic skill with quarterstaff.

Final Attributes:
 You were piously aligned.
 You were magic-protected.
 You were telepathic.
 You had infravision.
 You were warded.
 You are dead.

Miscellaneous:
 You didn't encounter any bones levels.
 Total elapsed playing time was 1 hour, 30 minutes and 22 seconds.

Major events:
 Turn
    1: Koku the neutral female gnomish Wizard entered the dungeon
  547: attained the rank of Conjurer (level 3)
 3539: killed by a rope golem

Spells:
 Name                 Level Category     Fail Retention
 force bolt             1   attack         0%   81%-90%
 confuse monster        1   enchantment    0%   81%-90%
 healing                1   healing        0%  76%-100%

Skills:
 Fighting Skills
   bare handed combat [Unskilled]
   riding             [Unskilled]
 Weapon Skills
   dagger             [Unskilled]
   knife              [Unskilled]
   axe                [Unskilled]
   short sword        [Unskilled]
   club               [Unskilled]
   mace               [Unskilled]
   quarterstaff       [Basic]
   polearms           [Unskilled]
   spear              [Unskilled]
   trident            [Unskilled]
   sling              [Unskilled]
   dart               [Unskilled]
   shuriken           [Unskilled]
 Spellcasting Skills
   attack spells      [Basic]
   healing spells     [Unskilled]
   divination spells  [Unskilled]
   enchantment spells [Basic]
   clerical spells    [Unskilled]
   escape spells      [Unskilled]
   matter spells      [Unskilled]

Voluntary challenges:
 Character rerolling was not enabled.
 You were an atheist.
 You never genocided any monsters.
 You never polymorphed an object.
 You never changed form.
 You used no wishes.
Achievements:
 You attained the rank of Conjurer.
 You entered a shop.

 The Dungeons of Doom: levels 1 to 7
    Level 1:
    Level 2:
       A tool shop.
    Level 3:
       An armor shop.
    Level 4:
    Level 5:
       A fountain.
    Level 6:
       A fountain.
    Level 7: <- You were here.
       Final resting place for
          you, killed by a rope golem.


Vanquished creatures:
  a werewolf
  2 water nymphs
  a pony
  a shrieker
  a straw golem
  3 floating eyes
  2 homunculi
  a kobold leader
  a giant bat
  a werejackal
  2 iguanas
 an acid blob
  a coyote
  3 manes
  2 cave spiders
  a red mold
  4 geckos
  4 jackals
  a fox
  2 kobolds
  2 goblins
  a sewer rat
  5 grid bugs
  a bat
  7 lichens
  a kobold zombie
  4 newts
56 creatures vanquished.

No species were genocided or became extinct.

Game over:
                       ----------
                      /          \
                     /    REST    \
                    /      IN      \
                   /     PEACE      \
                  /                  \
                  |       Koku       |
                  |      170 Au      |
                  | killed by a rope |
                  |      golem       |
                  |                  |
                  |                  |
                  |       2026       |
                 *|     *  *  *      | *
        _________)/\\_//(\/(/\)/\//\/|_)_______

Goodbye Koku the Wizard...

You died in The Dungeons of Doom on dungeon level 7 with 1241 points,
and 170 pieces of gold, after 3539 moves.
You were level 5 with a maximum of 45 hit points when you died.

